 Dungeon Crawl Stone Soup version 0.29.0-10-g45618ea6d2 (webtiles) character file.

Game seed: 1582331925289900022

65 fingers the Ruffian (level 3, -1/28 HPs)
             Began as a Draconian Transmuter on Sept 1, 2022.
             Killed from afar by Jessica (26 damage)
             ... with a bolt of dispelling energy
             ... on level 2 of the Dungeon.
             The game lasted 00:02:51 (2502 turns).

fingers the Ruffian (Draconian Transmuter)          Turns: 2502, Time: 00:02:51

Health: -1/28      AC:  8    Str: 14    XL:     3   Next: 94%
Magic:  15/15      EV: 12    Int: 13    God:
Gold:   107        SH:  0    Dex: 11    Spells: 3/6 levels left

rFire   . . .      SeeInvis .     - Unarmed
rCold   . . .      Faith    .   (no shield)
rNeg    + . .      Spirit   .   (body armour unavailable)
rPois   .          Reflect  .   (helmet currently unavailable)
rElec   .          Harm     .   k - +2 cloak
rCorr   .          Rampage  .   (no gloves)
Will    .....                   (boots currently unavailable)
Stlth   +.........              (no amulet)
HPRegen 0.09/turn               e - ring of magical power
MPRegen 0.14/turn               j - ring of positive energy

@: appendages (expiring), slowed, very slow
A: horns 2, talons 2, AC +5, unfitting armour, cold-blooded
a: End Transformation


You were on level 2 of the Dungeon.
You had temporarily grown beastly horns and talons.
You visited 1 branch of the dungeon, and saw 2 of its levels.

You collected 107 gold pieces.

Inventory:

Armour
 k - a +2 cloak (worn)
Jewellery
 e - a ring of magical power (left hand)
 j - a ring of positive energy (right hand)
Scrolls
 d - a scroll of blinking {unknown}
 f - a scroll of magic mapping {unknown}
 g - 2 scrolls of vulnerability {unknown}
 h - a scroll of brand weapon {unknown}
 i - a scroll of fog {unknown}
 n - a scroll of amnesia {unknown}
 o - a scroll of identify {unknown}
 p - 3 scrolls of enchant armour {unknown}
Potions
 a - a potion of lignification
 b - a potion of curing {unknown}
 c - a potion of cancellation {unknown}
 l - 2 potions of invisibility {unknown}
 m - a potion of flight {unknown}


   Skills:
 + Level 1.3 Fighting
 + Level 1.9 Dodging
 + Level 4.4 Unarmed Combat
 + Level 2.0 Spellcasting
 + Level 2.4 Transmutations


You had 3 spell levels left.
You knew the following spells:

 Your Spells              Type           Power      Damage    Failure   Level
a - Beastly Appendage     Tmut           14%        N/A       10%         1
b - Wereblood             Tmut           7%         N/A       14%         2

Your spell library contained the following spells:

 Spells                   Type           Power      Damage    Failure   Level
 Spider Form              Tmut/Pois      4%         N/A       43%         3
 Call Canine Familiar     Summ           1%         N/A       58%         3
 Portal Projectile        Hex/Tloc       2%         N/A       58%         3
 Ice Form                 Ice/Tmut       4%         N/A       83%         4
 Leda's Liquefaction      Hex/Erth       0%         N/A       94%         4


Dungeon Overview and Level Annotations

Branches:
Dungeon (2/15)

Altars:

Annotations:
D:2 Jessica


Innate Abilities, Weirdness & Mutations

You have temporarily grown beastly horns and talons.
Your plain brown scales are hard. (AC +5)
You cannot fit into any form of body armour.
You are cold-blooded and may be slowed by cold attacks.


Message History

The kobold is moderately wounded.
The kobold closely misses you.
You barely miss the kobold.
Your tail-slap misses the kobold.
The kobold is moderately wounded.
The kobold hits you with a +0 whip.
You hit the kobold but do no damage.
The kobold is moderately wounded.
The kobold hits you but does no damage.
You closely miss the kobold.
The kobold is moderately wounded.
The kobold hits you with a +0 whip.
You hit the kobold but do no damage. The kobold hits you with a +0 whip.
You hit the kobold.
You kill the kobold!
You now have 107 gold pieces (gained 11).
Things that are here:
a +0 whip; 2 stones; a kobold corpse
There is a stone staircase leading up here.
You see here a +0 dagger.
Jessica the Apprentice Sorceress comes into view.
She is wielding a +0 long sword and carrying a wand of quicksilver (2).
Jessica shouts!
Jessica is nearby!
Jessica gestures wildly while chanting.
Jessica blinks!
You see here a +0 dagger.
You grow a pair of large bovine horns.
Your feet morph into talons.
Jessica points at you and mumbles some strange words.
You feel yourself slow down.
Jessica mumbles some strange words.
Jessica blinks!
Jessica gestures at you while chanting. You resist with some effort.
Jessica points at you and mumbles some strange words.
Pain shoots through your body!
Your transformation is almost over.
Jessica zaps a wand.
The bolt of dispelling energy hits you!!
Your magical effects are unravelling.
Ouch! That really hurt!
You die...

#.#####.###.#####.#.#.#.#........
# ####.........................#
#.##.##.#.#.##..........#.##.##.#
......................#.#.##.##..
.##.##.#.......#...#.#.#.##.##..
#.##....................#.##.##..
#.##.........#.##................
#.##.######..#.###...........##..
#.##.######.....@@..###.#.##.....
...............####)###.#.##.##.#
#.##.######...........#.#.##.##.#
#.##.#####..#..####.#.###.##.....
............#..# #.#.###.#####..
#†##.#####..#..# #..............
..##.# #..#..# #...........(..
.#########..#..####.#.###<.......
...........(..........# #.#####'#


You could see Jessica.

Vanquished Creatures
  A gnoll (D:1)
  Robin (D:2)
  An adder (D:2)
  A worm (D:2)
  6 ball pythons (D:1)
  A giant cockroach (D:1)
  8 goblins
  6 hobgoblins (D:2)
  A quokka (D:1)
  2 frilled lizards (D:2)
  3 kobolds (D:2)
  2 rats
33 creatures vanquished.

Notes
Turn   | Place    | Note
-------+----------+-------------------------------------------
     0 | D:1      | fingers the Draconian Transmuter began the quest for the
                  | Orb.
     0 | D:1      | Reached XP level 1. HP: 16/16 MP: 3/3
   743 | D:1      | Reached XP level 2. HP: 21/23 MP: 5/5
  1553 | D:2      | Reached skill level 4 in Unarmed Combat
  1553 | D:2      | Reached XP level 3. HP: 25/28 MP: 6/6
  1585 | D:2      | Learned a level 2 spell: Wereblood
  1589 | D:2      | Noticed Robin
  1600 | D:2      | Killed Robin
  2491 | D:2      | Noticed Jessica
  2502 | D:2      | Killed from afar by Jessica

Illustrated notes

Levels and vault maps discovered:
D:1:      minmay_arrival_radiant_lines, layout_basic
D:2:      layout_basic, minmay_pentomino_p4, uniq_jessica, uniq_robin

Skill      XL: |  1  2 |
---------------+-------+-----
Unarmed Combat | 4 |  4.4
Fighting       | |  1.3
Dodging        | |  1.9
Spellcasting   | |  2.0
Transmutations | |  2.4

Action                   || total
-------------------------++-------
Melee: Unarmed           ||   107
       Kick              ||    10
       Tailslap          ||     7
       Headbutt          ||     2
       Punch             ||     1
 Cast: Beastly Appendage ||    10
Armor: Skin              ||    37
Dodge: Dodged            ||    67
